 Dungeon Crawl Stone Soup version 0.24-a0-307-gf989941 (webtiles) character file.

Game seed: 6435719632581681698

44 mhoghedin the Changer (level 3, -4/27 HPs)
             Began as a Demigod Transmuter on May 13, 2019.
             Slain by a gnoll
             ... wielding a +0 spear
              (9 damage)
             ... on level 2 of the Dungeon.
             The game lasted 00:02:26 (1798 turns).

mhoghedin the Changer (Demigod Transmuter)          Turns: 1798, Time: 00:02:27

Health: -4/27      AC:  2    Str: 15    XL:     3   Next: 23%
Magic:  1/8        EV: 12    Int: 17    God:
Gold:   98         SH:  0    Dex: 16    Spells: 2/5 levels left

rFire    . . .     SeeInvis .   c - +0 dagger
rCold    . . .     Gourm    .   (no shield)
rNeg     . . .     Faith    .   b - +0 robe
rPois    .         Spirit   .   (no helmet)
rElec    .         Reflect  .   (no cloak)
rCorr    .         Harm     .   (no gloves)
MR       .....                  (no boots)
Stlth    +.........             (no amulet)
HPRegen  0.09/turn              (no ring)
MPRegen  0.11/turn              (no ring)

@: appendage, very slightly contaminated
A: horns 2, high mp 1
a: End Transformation


You were on level 2 of the Dungeon.
You were not hungry.
You had grown temporary horns.
You visited 1 branch of the dungeon, and saw 2 of its levels.

You collected 98 gold pieces.

Inventory:

Hand Weapons
 c - a +0 dagger (weapon)
   (You found it on level 1 of the Dungeon)
Missiles
 a - 45 arrows
Armour
 b - a +0 robe (worn)
Scrolls
 f - a scroll of teleportation {unknown}
 h - a scroll of remove curse {unknown}
Potions
 e - 2 potions of heal wounds {unknown}
 g - a potion of lignification {unknown}
 i - a potion of flight {unknown}
 j - a potion of mutation {unknown}
Comestibles
 d - 3 rations


   Skills:
 - Level 0.8 Fighting
 - Level 1.7 Dodging
 - Level 2.6 Unarmed Combat
 - Level 1.7 Spellcasting
 + Level 3.5 Transmutations


You had 2 spell levels left.
You knew the following spells:

 Your Spells              Type           Power        Failure   Level  Hunger
a - Beastly Appendage     Tmut           ##....       4%          1    #......
s - Sticks to Snakes      Tmut           ##......     7%          2    ###....

Your spell library contained the following spells:

 Spells                   Type           Power        Failure   Level  Hunger
 Spider Form              Tmut/Pois      #.........   28%         3    ###....
 Ice Form                 Ice/Tmut       #.......     67%         4    #####..
 Blade Hands              Tmut           ##........   78%         5    ######.


Dungeon Overview and Level Annotations

Branches:
Dungeon (2/15)


Innate Abilities, Weirdness & Mutations

You have an increased reservoir of magic. (+10% MP)
You have a pair of horns on your head.


Message History

A frilled lizard is nearby!
A bat comes into view.
A hobgoblin comes into view.
Your feet morph into talons.
You now have 6/7 mp.
A bat and a gnoll come into view.
The hobgoblin shouts!
The frilled lizard hisses angrily.
The gnoll shouts!
You hear an angry hiss.
A gnoll comes into view. It is wielding a +0 spear.
The frilled lizard bites you.
You take 1 damage, and have 21/22 hp.
The gnoll shouts!
You hit the frilled lizard. Your kick misses the frilled lizard.
The frilled lizard barely misses you.
You hit the frilled lizard but do no damage.
The bat hits you but does no damage. The frilled lizard closely misses you.
You miss the frilled lizard. You claw the frilled lizard.
You kill the frilled lizard!
You have reached level 3!
Your experience leads to a dramatic increase in your attributes!
Increase (S)trength, (I)ntelligence, or (D)exterity?
You feel stronger. x2
The bat misses you. x2
You regained 5 hp, and now have 26/27 hp.
The bat closely misses you.
A jackal comes into view.
The bat closely misses you. The hobgoblin hits you. The bat misses you.
You take 3 damage, and have 23/27 hp.
The bat hits you but does no damage.
Your transformation is almost over.
The bat closely misses you. The bat hits you but does no damage.
The bat hits you.
You take 1 damage, and have 22/27 hp.
The bat hits you but does no damage. The bat misses you.
The bat closely misses you. The bat hits you but does no damage.
MP restored: 8 The bat barely misses you.
The bat misses you. The bat hits you.
You see here a +0 club.
You take 1 damage, and have 22/27 hp.
Your talons disappear.
The bat misses you. The bat hits you.
You take 1 damage, and have 21/27 hp.
You miscast Sticks to Snakes.
You are very lightly contaminated with residual magic.
Nothing appears to happen.
The bat misses you.
You now have 6/8 mp.
Casting: Sticks to Snakes (safe; 8% risk of failure)
You create a snake!
You now have 46 arrows.
The bat misses you.
You now have 4/8 mp.
The bat closely misses you. The bat hits you but does no damage.
A hobgoblin opens the door.
Casting: Sticks to Snakes (safe; 8% risk of failure)
You grow a pair of large bovine horns.
The bat barely misses you. The bat misses you.
Your ball python barely misses the hobgoblin.
Your ball python grabs the hobgoblin.
Your ball python constricts the hobgoblin.
You now have 3/8 mp.
You hit the hobgoblin but do no damage. You headbutt the hobgoblin.
The bat closely misses you. The bat barely misses you.
Your ball python bites the hobgoblin but does no damage.
Your ball python constricts the hobgoblin.
The hobgoblin closely misses you.
The gnoll hits your ball python with a +0 flail.
Your ball python dies!
You hit the hobgoblin but do no damage. You headbutt the hobgoblin.
You kill the hobgoblin!
The bat hits you. The bat closely misses you.
You extend your transformation's duration.
The bat barely misses you. The bat misses you.
You now have 2/8 mp.
You create a snake!
You now have 45 arrows.
The bat barely misses you. The gnoll closely misses you. x2
You now have 0/8 mp.
The bat closely misses you. The gnoll misses you.
Your ball python barely misses the gnoll.
Your ball python grabs the gnoll.
Your ball python constricts the gnoll.
There is a stone staircase leading up here.
You hit the gnoll. You headbutt the gnoll! The bat misses you.
The gnoll closely misses you.
The gnoll hits you from afar with a +0 spear!
Your ball python bites the gnoll.
Your ball python constricts the gnoll.
You take 11 damage, and have 10/27 hp.
MASSIVE DAMAGE!!
You hit the gnoll.
You kill the gnoll!
The bat hits you but does no damage.
The gnoll hits you from afar with a +0 spear.
* * * LOW HITPOINT WARNING * * *
You take 5 damage, and have 5/27 hp.
The bat misses you.
The gnoll hits you from afar with a +0 spear!
You die...

.. ## #. .. #.####.#
#....#.# ......##
####......###
+..#.........
##..@).....## .......
#.b#S....... .......
#..'g.....## ......#
#########.....## ......#
#.....g.)###.....
......# #......g.# .####
......###........# .
.......................
...................>....


You could see a gnoll, a bat and a friendly ball python.

Vanquished Creatures
  A gnoll (D:2)
  2 dart slugs (D:1)
  2 leopard geckos (D:1)
  2 giant cockroaches (D:1)
  4 hobgoblins
  3 ball pythons (D:1)
  3 bats (D:1)
  4 frilled lizards
  2 goblins (D:1)
  6 kobolds (D:1)
  2 rats (D:1)
31 creatures vanquished.

Notes
Turn   | Place    | Note
-------+----------+-------------------------------------------
     0 | D:1      | mhoghedin the Demigod Transmuter began the quest for the
                  | Orb.
     0 | D:1      | Reached XP level 1. HP: 15/15 MP: 5/5
   216 | D:1      | Reached skill level 2 in Transmutations
   690 | D:1      | Reached XP level 2. HP: 22/22 MP: 5/7
  1104 | D:1      | Reached skill level 3 in Transmutations
  1117 | D:1      | Learned a level 2 spell: Sticks to Snakes
  1190 | D:1      | HP: 3/22 [kobold/+0 whip (7)]
  1769 | D:2      | Reached XP level 3. HP: 26/27 MP: 6/8
  1797 | D:2      | HP: 5/27 [gnoll/+0 spear (5)]
  1798 | D:2      | Slain by a gnoll

Levels and vault maps discovered:
D:1:      minmay_arrival_wavy_path, layout_loops_ring
D:2:      wad_woods_settlement, layout_basic,
          chequers_temple_overflow_statue_of_worship, minivault_26,
          uniq_sigmund, uniq_jessica

Skill      XL: |  1  2 |
---------------+-------+-----
Transmutations | 2 3 |  3.5
Fighting       | |  0.8
Dodging        | |  1.7
Unarmed Combat | |  2.6
Spellcasting   | |  1.7

Action                   || total
-------------------------++-------
Melee: Dagger            ||    93
       Unarmed           ||     7
       Headbutt          ||    14
       Kick              ||     7
 Cast: Beastly Appendage ||    20
       Sticks to Snakes  ||     2
  Eat: Chunk             ||     3
Armor: Robe              ||    18
Dodge: Dodged            ||    90

Table legend:
 A = Non-vault XP
 B = Vault XP
 C = Vault XP percentage of total XP
 D = Non-vault monster count
 E = Vault monster count
 F = Vault count percentage of total count
                 A         B        C        D         E       F
            +---------+---------+-------+---------+---------+-------
      Total |      64 |       0 |   0.0 |      31 |       0 |   0.0
            +---------+---------+-------+---------+---------+-------
        D:1 |      44 |       0 |   0.0 |      26 |       0 |   0.0
        D:2 |      20 |       0 |   0.0 |       5 |       0 |   0.0
            +---------+---------+-------+---------+---------+-------

Levels and vault maps discovered:
D:1:      minmay_arrival_wavy_path, layout_loops_ring
D:2:      wad_woods_settlement, layout_basic,
          chequers_temple_overflow_statue_of_worship, minivault_26,
          uniq_sigmund, uniq_jessica

Table legend:
 A = Turns spent in this place as a percentage of turns spent in the entire game.
 B = Non-inter-level travel turns spent in this place as a percentage of non-inter-level travel turns spent in the entire game.
 C = Inter-level travel turns spent in this place as a percentage of turns spent in this place.
 D = Turns resting spent in this place as a percentage of non-inter-level travel turns spent in this place.
 E = Turns spent auto-exploring this place as a percentage of non-inter-level travel turns spent in this place.
 F = Non-inter-level travel turns spent in this place divided by the number of levels of this place that you've seen.
                   A       B       C       D       E      F
               +-------+-------+-------+-------+-------+----------------------
         Total | 100.0 | 100.0 |   2.8 |  52.3 |  33.4 | 874.0
       Dungeon | 100.0 | 100.0 |   2.8 |  52.3 |  33.4 | 874.0
               +-------+-------+-------+-------+-------+----------------------

Table legend:
 A = Kills in this place as a percentage of kills in entire the game.
 B = Kills by you in this place as a percentage of kills by you in the entire game.
 C = Kills by friends in this place as a percentage of kills by friends in the entire game.
 D = Other kills in this place as a percentage of other kills in the entire game.
 E = Experience gained in this place as a percentage of experience gained in the entire game.
 F = Experience gained in this place divided by the number of levels of this place that you have seen.
                   A       B       C       D       E      F
               +-------+-------+-------+-------+-------+----------------------
         Total | 100.0 | 100.0 |   N/A |   N/A | 100.0 |  32.0
       Dungeon | 100.0 | 100.0 |   N/A |   N/A | 100.0 |  32.0
               +-------+-------+-------+-------+-------+----------------------
